TOP OF THE 1ST |
Kennesaw Jets batting - Pitching for Put-In-Bay BC : RHP Jeremy Brody
|
Pitching: RHP Jeremy Brody
|
|
Batting: RHB Sasha Orlovsky
|
0-0: Ball 1-0: Foul Ball, location: 2F 1-1: Ball 2-1: Foul Ball, location: 2F 2-2: Ball 3-2: Fly out, F8 (Flyball, 89M, EV 93.8 MPH)
|
Batting: LHB Robert Dawson
|
0-0: Swinging Strike 0-1: Foul Ball, location: 2F 0-2: Strikes out swinging
|
Batting: LHB Masamune Ueda
|
0-0: Called Strike 0-1: Ground out 4-3 (Groundball, 4, EV 99.4 MPH)
|
Top of the 1st over - 0 runs, 0 hits, 0 errors, 0 left on base; Kennesaw 0 - Put-In-Bay 0 |
BOTTOM OF THE 1ST |
Put-In-Bay BC batting - Pitching for Kennesaw Jets : RHP Pacho Hernández
|
Pitching: RHP Pacho Hernández
|
|
Batting: RHB Eduard Argelander
|
0-0: Ball 1-0: Ball 2-0: Ground out 6-3 (Groundball, 6, EV 84.4 MPH)
|
Batting: LHB Eric Manchester
|
0-0: Called Strike 0-1: Swinging Strike 0-2: Ball 1-2: Strikes out swinging
|
Batting: LHB Javier Castro
|
0-0: Ball 1-0: Foul Ball, location: 2F 1-1: Ball 2-1: DOUBLE (Groundball, 5L, EV 103.8 MPH)
|
Batting: LHB Joseph Wallace
|
0-0: SINGLE (Groundball, 15S, EV 61.2 MPH) (infield hit) Javier Castro to third
|
Batting: LHB Martín Pliego
|
0-0: Ball 1-0: Foul Ball, location: 2F 1-1: Ball 2-1: Foul Ball, location: 2F 2-2: Fly out, F6 (Popup, 56D, EV 67.5 MPH)
|
Bottom of the 1st over - 0 runs, 2 hits, 0 errors, 2 left on base; Kennesaw 0 - Put-In-Bay 0 |
TOP OF THE 2ND |
Kennesaw Jets batting - Pitching for Put-In-Bay BC : RHP Jeremy Brody
|
Batting: RHB Brent Leroy
|
0-0: Swinging Strike 0-1: Ball 1-1: Ball 2-1: Fly out, F8 (Line Drive, 8RD, EV 97.5 MPH)
|
Batting: LHB Reynaldo Pérez
|
0-0: Swinging Strike 0-1: Called Strike 0-2: Strikes out looking
|
Batting: RHB Scipione Borghese
|
0-0: Called Strike 0-1: Ball 1-1: Swinging Strike 1-2: Strikes out swinging
|
Top of the 2nd over - 0 runs, 0 hits, 0 errors, 0 left on base; Kennesaw 0 - Put-In-Bay 0 |
BOTTOM OF THE 2ND |
Put-In-Bay BC batting - Pitching for Kennesaw Jets : RHP Pacho Hernández
|
Batting: RHB Tom Hendrickson
|
0-0: Ball 1-0: Foul Ball, location: 2F 1-1: Foul Ball, location: 2F 1-2: Ball 2-2: Strikes out looking
|
Batting: RHB Kiril Neuvel
|
0-0: DOUBLE (Groundball, 5L, EV 106.2 MPH)
|
Batting: RHB Victor Haley
|
0-0: Ball 1-0: Ball 2-0: Swinging Strike 2-1: Called Strike 2-2: Strikes out swinging
|
Batting: RHB Kent Potter
|
0-0: Ball 1-0: Ball 2-0: Foul Ball, location: 2F 2-1: Foul Ball, location: 2F 2-2: Foul Ball, location: 2F 2-2: Foul Ball, location: 2F 2-2: Strikes out swinging
|
Bottom of the 2nd over - 0 runs, 1 hit, 0 errors, 1 left on base; Kennesaw 0 - Put-In-Bay 0 |
TOP OF THE 3RD |
Kennesaw Jets batting - Pitching for Put-In-Bay BC : RHP Jeremy Brody
|
Batting: RHB Troy Clark
|
0-0: Called Strike 0-1: Called Strike 0-2: Fly out, F8 (Flyball, 8LD, EV 91.2 MPH)
|
Batting: LHB Walt Davis
|
0-0: Ball 1-0: Foul Ball, location: 2F 1-1: Ball 2-1: Swinging Strike 2-2: Ball 3-2: Ground out 6-3 (Groundball, 6, EV 108.1 MPH)
|
Batting: RHB Cees Spaan
|
0-0: Called Strike 0-1: Swinging Strike 0-2: Ball 1-2: Foul Ball, location: 2F 1-2: Strikes out swinging
|
Top of the 3rd over - 0 runs, 0 hits, 0 errors, 0 left on base; Kennesaw 0 - Put-In-Bay 0 |
BOTTOM OF THE 3RD |
Put-In-Bay BC batting - Pitching for Kennesaw Jets : RHP Pacho Hernández
|
Batting: RHB Eduard Argelander
|
0-0: Ball 1-0: Called Strike 1-1: Ball 2-1: Foul Ball, location: 2F 2-2: Foul Ball, location: 2F 2-2: Foul Ball, location: 2F 2-2: Ball 3-2: Base on Balls
|
Batting: LHB Eric Manchester
|
0-0: Swinging Strike 0-1: Fielders Choice at 2nd, 5-4 (Groundball, 56, EV 102.5 MPH)
|
Batting: LHB Javier Castro
|
0-0: Ball 1-0: Called Strike 1-1: Ball 2-1: Foul Ball, location: 2F 2-2: Fly out, F5 (Popup, 5S, EV 72.5 MPH)
|
Batting: LHB Joseph Wallace
|
0-0: Ball 1-0: Fly out, F9 (Flyball, 89S, EV 91.9 MPH)
|
Bottom of the 3rd over - 0 runs, 0 hits, 0 errors, 1 left on base; Kennesaw 0 - Put-In-Bay 0 |
TOP OF THE 4TH |
Kennesaw Jets batting - Pitching for Put-In-Bay BC : RHP Jeremy Brody
|
Batting: RHB Sasha Orlovsky
|
0-0: Swinging Strike 0-1: Ball 1-1: SINGLE (Line Drive, 34D, EV 95.6 MPH)
|
Batting: LHB Robert Dawson
|
0-0: Fly out, F7 (Flyball, 7, EV 82.5 MPH)
|
Batting: LHB Masamune Ueda
|
0-0: Ball Sasha Orlovsky is caught stealing 2nd base 2-6 1-0: Called Strike 1-1: Ball 2-1: Ball 3-1: SINGLE (Line Drive, 4M, EV 97.5 MPH)
|
Batting: RHB Brent Leroy
|
0-0: Foul Ball, location: 2F 0-1: Foul Ball, location: 2F 0-2: Foul Ball, location: 2F 0-2: Ball 1-2: Ball 2-2: Strikes out swinging
|
Top of the 4th over - 0 runs, 2 hits, 0 errors, 1 left on base; Kennesaw 0 - Put-In-Bay 0 |
BOTTOM OF THE 4TH |
Put-In-Bay BC batting - Pitching for Kennesaw Jets : RHP Pacho Hernández
|
Batting: LHB Martín Pliego
|
0-0: Ball 1-0: Foul Ball, location: 2F 1-1: Ball 2-1: Ball 3-1: Foul Ball, location: 2F 3-2: Base on Balls
|
Batting: RHB Tom Hendrickson
|
0-0: Ball 1-0: SINGLE (Groundball, 56D, EV 96.2 MPH) Martín Pliego to second
|
Batting: RHB Kiril Neuvel
|
0-0: Called Strike 0-1: Hit by Pitch Martín Pliego to third Tom Hendrickson to second
|
Batting: RHB Victor Haley
|
0-0: Ball 1-0: Ball 2-0: Fly out, F9 (Flyball, 9, EV 90.0 MPH)
|
Batting: RHB Kent Potter
|
0-0: Called Strike 0-1: Foul Ball, location: 2F 0-2: Ball 1-2: Strikes out swinging
|
Batting: RHB Eduard Argelander
|
0-0: Fly out, F9 (Flyball, 9S, EV 84.4 MPH)
|
Bottom of the 4th over - 0 runs, 1 hit, 0 errors, 3 left on base; Kennesaw 0 - Put-In-Bay 0 |
TOP OF THE 5TH |
Kennesaw Jets batting - Pitching for Put-In-Bay BC : RHP Jeremy Brody
|
Batting: LHB Reynaldo Pérez
|
0-0: Called Strike 0-1: SINGLE (Groundball, 4MD, EV 98.1 MPH)
|
Batting: RHB Scipione Borghese
|
0-0: Called Strike 0-1: Ball 1-1: Fly out, F8 (Flyball, 8LS, EV 83.1 MPH)
|
Batting: RHB Troy Clark
|
0-0: Ball 1-0: Swinging Strike 1-1: Called Strike 1-2: Strikes out swinging
|
Batting: LHB Walt Davis
|
0-0: Ball 1-0: Called Strike 1-1: Swinging Strike 1-2: Ball 2-2: Strikes out looking
|
Top of the 5th over - 0 runs, 1 hit, 0 errors, 1 left on base; Kennesaw 0 - Put-In-Bay 0 |
BOTTOM OF THE 5TH |
Put-In-Bay BC batting - Pitching for Kennesaw Jets : RHP Pacho Hernández
|
Batting: LHB Eric Manchester
|
0-0: Called Strike 0-1: Foul Ball, location: 2F 0-2: Strikes out looking
|
Batting: LHB Javier Castro
|
0-0: Ball 1-0: Fly out, F9 (Line Drive, 9, EV 95.0 MPH)
|
Batting: LHB Joseph Wallace
|
0-0: Ground out 4-3 (Groundball, 4, EV 84.4 MPH)
|
Bottom of the 5th over - 0 runs, 0 hits, 0 errors, 0 left on base; Kennesaw 0 - Put-In-Bay 0 |
TOP OF THE 6TH |
Kennesaw Jets batting - Pitching for Put-In-Bay BC : RHP Jeremy Brody
|
Batting: RHB Cees Spaan
|
0-0: Foul Ball, location: 2F 0-1: Ball 1-1: SINGLE (Line Drive, 9S, EV 104.4 MPH)
|
Batting: RHB Sasha Orlovsky
|
0-0: Sac Bunt to 2R - play at second, runner OUT! 2-6
|
Batting: LHB Robert Dawson
|
0-0: Called Strike 0-1: SINGLE (Groundball, 34, EV 98.1 MPH) (infield hit) Sasha Orlovsky to second
|
Batting: LHB Masamune Ueda
|
0-0: Called Strike 0-1: Ball 1-1: Ball 2-1: Grounds into double play, 6-4-3 (Groundball, 6, EV 95.6 MPH)
|
Top of the 6th over - 0 runs, 2 hits, 0 errors, 1 left on base; Kennesaw 0 - Put-In-Bay 0 |
BOTTOM OF THE 6TH |
Put-In-Bay BC batting - Pitching for Kennesaw Jets : RHP Pacho Hernández
|
Batting: LHB Martín Pliego
|
0-0: Foul Ball, location: 2F 0-1: Swinging Strike 0-2: Foul Ball, location: 2F 0-2: Ball 1-2: Ball 2-2: Strikes out swinging
|
Batting: RHB Tom Hendrickson
|
0-0: Fly out, F8 (Flyball, 8RD, EV 98.1 MPH)
|
Batting: RHB Kiril Neuvel
|
0-0: Ball 1-0: Foul Ball, location: 2F 1-1: Ground out 4-3 (Groundball, 4, EV 106.9 MPH)
|
Bottom of the 6th over - 0 runs, 0 hits, 0 errors, 0 left on base; Kennesaw 0 - Put-In-Bay 0 |
TOP OF THE 7TH |
Kennesaw Jets batting - Pitching for Put-In-Bay BC : RHP Jeremy Brody
|
Batting: RHB Brent Leroy
|
0-0: Foul Ball, location: 2F 0-1: Foul Ball, location: 2F 0-2: Ball 1-2: Foul Ball, location: 2F 1-2: Ground out 5-3 (Groundball, 56, EV 86.2 MPH)
|
Batting: LHB Reynaldo Pérez
|
0-0: Called Strike 0-1: Ball 1-1: Ball 2-1: Swinging Strike 2-2: Ball 3-2: Foul Ball, location: 2F 3-2: Strikes out looking
|
Batting: RHB Scipione Borghese
|
0-0: Fly out, F9 (Flyball, 89D, EV 102.5 MPH)
|
Top of the 7th over - 0 runs, 0 hits, 0 errors, 0 left on base; Kennesaw 0 - Put-In-Bay 0 |
BOTTOM OF THE 7TH |
Put-In-Bay BC batting - Pitching for Kennesaw Jets : RHP Pacho Hernández
|
Pitching: LHP François Boyer
|
|
Batting: RHB Victor Haley
|
0-0: Ball 1-0: Called Strike 1-1: Foul Ball, location: 2F 1-2: Ball 2-2: Ball 3-2: Ground out 6-3 (Groundball, 6, EV 93.1 MPH)
|
Batting: RHB Kent Potter
|
0-0: Ball 1-0: Ball 2-0: Fly out, F3 (Popup, 3SF, EV 85.0 MPH)
|
Batting: RHB Eduard Argelander
|
0-0: Foul Ball, location: 2F 0-1: Fly out, F9 (Flyball, 9LS, EV 70.0 MPH)
|
Bottom of the 7th over - 0 runs, 0 hits, 0 errors, 0 left on base; Kennesaw 0 - Put-In-Bay 0 |
TOP OF THE 8TH |
Kennesaw Jets batting - Pitching for Put-In-Bay BC : RHP Jeremy Brody
|
Batting: RHB Troy Clark
|
0-0: Ball 1-0: Foul Ball, location: 2F 1-1: Fly out, F4 (Line Drive, 4, EV 63.1 MPH)
|
Batting: LHB Walt Davis
|
0-0: Called Strike 0-1: Ball 1-1: Foul Ball, location: 2F 1-2: Ball 2-2: Foul Ball, location: 2F 2-2: Foul Ball, location: 2F 2-2: Foul Ball, location: 2F 2-2: Ball 3-2: Fly out, F7 (Flyball, 7LSF, EV 80.0 MPH)
|
Batting: RHB Cees Spaan
|
0-0: Foul Ball, location: 2F 0-1: Ball 1-1: Foul Ball, location: 2F 1-2: Strikes out swinging
|
Top of the 8th over - 0 runs, 0 hits, 0 errors, 0 left on base; Kennesaw 0 - Put-In-Bay 0 |
BOTTOM OF THE 8TH |
Put-In-Bay BC batting - Pitching for Kennesaw Jets : LHP François Boyer
|
Batting: LHB Eric Manchester
|
0-0: Ball 1-0: Called Strike 1-1: Ball 2-1: Ball 3-1: Base on Balls
|
Batting: LHB Javier Castro
|
0-0: Ball 1-0: Swinging Strike 1-1: Ball 2-1: Fly out, F3 (Popup, 23, EV 80.0 MPH)
|
Batting: LHB Joseph Wallace
|
0-0: Ground out 4-3 (Groundball, 34, EV 89.4 MPH) Eric Manchester to second
|
Batting: LHB Martín Pliego
|
0-0: Ground out 4-3 (Groundball, 4, EV 88.8 MPH)
|
Bottom of the 8th over - 0 runs, 0 hits, 0 errors, 1 left on base; Kennesaw 0 - Put-In-Bay 0 |
TOP OF THE 9TH |
Kennesaw Jets batting - Pitching for Put-In-Bay BC : RHP Jeremy Brody
|
Pitching: RHP Adam Durango
|
|
Batting: RHB Sasha Orlovsky
|
0-0: Foul Ball, location: 2F 0-1: Foul Ball, location: 2F 0-2: Ball 1-2: DOUBLE (Flyball, 8LXD, EV 107.5 MPH)
|
Batting: LHB Robert Dawson
|
0-0: Ball Wild Pitch! Sasha Orlovsky to third 1-0: Called Strike 1-1: TRIPLE (Flyball, 89XD, EV 106.9 MPH) Sasha Orlovsky scores
|
Batting: LHB Masamune Ueda
|
0-0: Intentional Walk
|
Batting: RHB Brent Leroy
|
0-0: Called Strike 0-1: Fly out, F7 (Flyball, 78M, EV 91.2 MPH) Runner from 3rd tags up, SCORES, throw by LF
|
Batting: LHB Reynaldo Pérez
|
0-0: Called Strike 0-1: Ball 1-1: Swinging Strike 1-2: Strikes out swinging
|
Batting: RHB Scipione Borghese
|
0-0: Ball 1-0: Called Strike 1-1: Swinging Strike 1-2: Strikes out swinging
|
Top of the 9th over - 2 runs, 2 hits, 0 errors, 1 left on base; Kennesaw 2 - Put-In-Bay 0 |
BOTTOM OF THE 9TH |
Put-In-Bay BC batting - Pitching for Kennesaw Jets : LHP François Boyer
|
Pitching: LHP Wesley van Klaveren
|
|
Batting: RHB Tom Hendrickson
|
0-0: Ball 1-0: Called Strike 1-1: Called Strike 1-2: Ground out 4-3 (Groundball, 34, EV 103.1 MPH)
|
Batting: RHB Kiril Neuvel
|
0-0: Called Strike 0-1: Swinging Strike 0-2: Ball 1-2: Strikes out swinging
|
Batting: RHB Victor Haley
|
0-0: Ball 1-0: Ball 2-0: Ball 3-0: Base on Balls
|
Batting: RHB Kent Potter
|
0-0: Foul Ball, location: 2F 0-1: Swinging Strike 0-2: Strikes out swinging
|
Bottom of the 9th over - 0 runs, 0 hits, 0 errors, 1 left on base; Kennesaw 2 - Put-In-Bay 0 |
|